 Dungeon Crawl Stone Soup version 0.19.0-18-g426998a (webtiles) character file.

288 Delusion the Insei (level 6, -2/41 HPs)
             Began as an Octopode Transmuter on Nov 12, 2016.
             Was a Believer of Elyvilon.
             Slain by a worker ant (6 damage)
             ... on level 3 of the Dungeon.
             The game lasted 00:20:30 (4228 turns).

Delusion the Insei (Octopode Transmuter)            Turns: 4228, Time: 00:20:31

Health: -2/41      AC:  1    Str:  9    XL:     6   Next: 31%
Magic:  1/9        EV: 13    Int: 17    God:    Elyvilon [**....]
Gold:   108        SH:  0    Dex: 13    Spells: 3 memorised, 3 levels left

rFire  . . .     SeeInvis .       - Unarmed
rCold  . . .     Gourm    .     (no shield)
rNeg   . . .     Faith    .     (helmet restricted)
rPois  .         Spirit   .     (no amulet)
rElec  .         Reflect  .     (no ring)
rCorr  .         Harm     .     (no ring)
MR     .....                    (no ring)
Stlth  +++.......               (no ring)
                                (no ring)
                                (no ring)
                                (no ring)
                                (no ring)

@: very slightly contaminated
A: almost no armour, stealthy swim, amphibious, 8 rings, constrict 8, camouflage
1, gelatinous body 1
a: Lesser Healing, Heal Other, Divine Protection, Renounce Religion


You were on level 3 of the Dungeon.
You worshipped Elyvilon.
Elyvilon was pleased with you.
You were hungry.

You visited 1 branch of the dungeon, and saw 4 of its levels.

You collected 108 gold pieces.

Inventory:

Hand Weapons
 e - a +0 dagger
Missiles
 a - 11 arrows
Armour
 r - a +0 buckler
Scrolls
 d - 3 scrolls of remove curse {unknown}
 g - a scroll of immolation {unknown}
 h - 4 scrolls of fog {unknown}
 i - a scroll of magic mapping {unknown}
 j - 4 scrolls of identify
 k - 2 scrolls of blinking {unknown}
 l - 2 scrolls of teleportation
 n - 2 scrolls of amnesia {unknown}
 o - a scroll of enchant armour {unknown}
Potions
 p - a potion of flight {unknown}
 q - a potion of degeneration {unknown}
 s - a potion of curing
 t - a potion of lignification {unknown}
 u - a potion of mutation {unknown}
Books
 b - a book of Changes

   Spells                             Type                      Level
   a - Beastly Appendage              Transmutation                1
   b - Sticks to Snakes               Transmutation                2
   c - Spider Form                    Transmutation/Poison         3
   d - Ice Form                       Ice/Transmutation            4
   e - Blade Hands                    Transmutation                5
Comestibles
 c - a bread ration
 m - a meat ration


   Skills:
 + Level 2.5 Fighting
 - Level 2.0 Dodging
 - Level 3.4 Stealth
 + Level 4.6 Unarmed Combat
 - Level 2.2 Spellcasting
 - Level 3.1 Transmutations
 - Level 2.2 Poison Magic


You had 3 spell levels left.
You knew the following spells:

 Your Spells              Type           Power        Failure   Level  Hunger
a - Beastly Appendage     Tmut           ##....       6%          1    #......
b - Sticks to Snakes      Tmut           ##......     10%         2    ###....
c - Spider Form           Tmut/Pois      ##........   21%         3    ###....


Dungeon Overview and Level Annotations

Branches:
Dungeon (4/15)
 Temple: D:4-7

Altars:
Elyvilon
Trog

Annotations:
D:4 Duvessa


Innate Abilities, Weirdness & Mutations

You cannot wear most types of armour.
You are very stealthy in the water. (Stealth+)
You are amphibious.
You can wear up to eight rings at the same time.
You can use your tentacles to constrict eight enemies at once.
Your skin changes colour to match your surroundings (Stealth+).
Your rubbery body absorbs attacks. (AC +1, EV +1)


Message History

You create a snake!
You now have 11 arrows.
The worker ant barely misses you. The worker ant bites you.
* * * LOW HITPOINT WARNING * * *
The worker ant barely misses your adder.
Your adder barely misses the worker ant.
You tentacle-slap the worker ant but do no damage.
You grab the worker ant. You squeeze the worker ant.
The worker ant is lightly wounded.
You constrict the worker ant, but do no damage.
Your adder bites the worker ant but does no damage.
The worker ant bites you.
* * * LOW HITPOINT WARNING * * *
You fail to use your ability.
You constrict the worker ant, but do no damage.
Your adder bites the worker ant.
The worker ant closely misses you.
Your adder bites the worker ant but does no damage.
You barely miss the worker ant.
The worker ant is heavily wounded.
You constrict the worker ant. The worker ant bites you.
You die...

##.# #..........######
#..####..........).#
#..................###
.....................#
..####..##...........#
.## ##..#..##........#
.####.....###........#
.#....<.### #........#
...)...## #...@a...#
......(.# #....S...#
.......<# #........#
........# #........#
......(## #........#
.#.....# ##########
.#..#..# )#.#_#.#
....#..#


You could see a worker ant and a friendly adder.

Vanquished Creatures
  Dowan (D:4)
  A hound (D:4)
  4 adders
  An ooze (D:1)
  2 worms
  2 leopard geckos (D:1)
  An orc (D:3)
  7 bats
  3 giant cockroaches
  9 goblins
  8 hobgoblins
  2 jackals
  14 kobolds
  A quokka (D:4)
  A ball python (D:1)
  4 frilled lizards
  2 rats (D:2)
63 creatures vanquished.

Vanquished Creatures (collateral kills)
  Blork the orc (D:4)
  A big kobold (D:3)
  A hound skeleton (D:3)
  2 orcs (D:3)
  A bat (D:3)
  A hobgoblin (D:2)
  A jackal (D:2)
  4 kobolds
  A frilled lizard (D:1)
  A rat (D:3)
14 creatures vanquished.

Grand Total: 77 creatures vanquished

Notes
Turn   | Place    | Note
-------+----------+-------------------------------------------
     0 | D:1      | Delusion the Octopode Transmuter began the quest for the Orb.
     0 | D:1      | Reached XP level 1. HP: 13/13 MP: 3/3
   195 | D:1      | Reached XP level 2. HP: 9/18 MP: 3/5
   199 | D:1      | Learned a level 2 spell: Sticks to Snakes
   750 | D:1      | Reached XP level 3. HP: 20/24 MP: 4/6
   819 | D:1      | Learned a level 3 spell: Spider Form
  1274 | D:2      | Reached skill level 1 in Poison Magic
  1937 | D:2      | Reached XP level 4. HP: 28/29 MP: 7/7
  2648 | D:2      | Found a bloodstained altar of Trog.
  2750 | D:3      | Found a faded altar of an unknown god.
  2874 | D:3      | Reached skill level 1 in Stealth
  2886 | D:3      | HP: 1/29 [poisoned by an adder]
  2889 | D:3      | Became a worshipper of Elyvilon the Healer
  2889 | D:3      | Reached * piety under Elyvilon
  3221 | D:3      | Noticed a big kobold
  3378 | D:3      | Killed a big kobold
  3378 | D:3      | Reached XP level 5. HP: 29/34 MP: 1/8
  3844 | D:4      | Noticed Blork the orc
  3861 | D:4      | Killed Blork the orc
  3887 | D:4      | Reached ** piety under Elyvilon
  3970 | D:4      | Reached skill level 4 in Unarmed Combat
  3970 | D:4      | Reached XP level 6. HP: 32/41 MP: 9/9
  4058 | D:4      | Noticed Dowan
  4061 | D:4      | Noticed Duvessa
  4077 | D:4      | Killed Dowan
  4228 | D:3      | Slain by a worker ant

Skill      XL: |  1  2  3  4  5 |
---------------+----------------+-----
Fighting       | 2 |  2.5
Poison Magic   | 2 |  2.2
Transmutations | 3 |  3.1
Stealth        | 3 |  3.4
Unarmed Combat | 4 |  4.6
Dodging        | |  2.0
Spellcasting   | |  2.2

Action                   |  1- 3 |  4- 6 || total
-------------------------+-------+-------++-------
Melee: Unarmed           |    65 |   101 ||   166
       Kick              |    13 |       ||    13
       Constrict         |    14 |    19 ||    33
       Punch             |     3 |     1 ||     4
       Tentacles         |     9 |     9 ||    18
 Cast: Beastly Appendage |    12 |     3 ||    15
       Sticks to Snakes  |     4 |    23 ||    27
       Spider Form       |       |     6 ||     6
Invok: Lesser Healing    |       |     2 ||     2
  Use: Scroll            |       |     2 ||     2
       Potion            |       |     2 ||     2
 Stab: Sleeping          |     3 |     3 ||     6
  Eat: Chunk             |     4 |     9 ||    13
Armor: Skin              |     9 |    16 ||    25
Dodge: Dodged            |    47 |    95 ||   142
